 Dungeon Crawl Stone Soup version 0.22.0-1-g6561e4c (webtiles) character file.

386 Gobbopathe the Chiller (level 6, -5/46 HPs)
             Began as a Barachi Ice Elementalist on Aug 12, 2018.
             Was an Initiate of Vehumet.
             Slain by a two-headed ogre
             ... wielding a +0 giant club
              (16 damage)
             ... on level 4 of the Dungeon.
             The game lasted 00:20:21 (5015 turns).

Gobbopathe the Chiller (Barachi Ice Elementalist)   Turns: 5015, Time: 00:20:22

Health: -5/46      AC:  4    Str: 10    XL:     6   Next: 78%
Magic:  13/21      EV: 12    Int: 23    God:    Vehumet [......]
Gold:   139        SH:  0    Dex: 18    Spells: 3/13 levels left

rFire    + . .     SeeInvis .   y - +2 hand axe "Giant's Demise" {freeze, Fragile rC+ Dex+6}
rCold    + + .     Gourm    .   (no shield)
rNeg     . . .     Faith    .   g - +0 robe
rPois    .         Spirit   .   C - +0 helmet
rElec    .         Reflect  .   D - scarf {rC+ rF+}
rCorr    .         Harm     .   (no gloves)
MR       .....                  F - +0 pair of boots
Stlth    ++........             (no amulet)
HPRegen  0.15/turn              v - ring of magical power
MPRegen  0.17/turn              E - +6 ring of intelligence

@: starving, drained, slow
A: +LOS, swims, slowness 1, strong legs 1
a: Hop, Renounce Religion


You were on level 4 of the Dungeon.
You worshipped Vehumet.
Vehumet was noncommittal.
You were starving.

You visited 1 branch of the dungeon, and saw 4 of its levels.

You collected 139 gold pieces.

Inventory:

Hand Weapons
 a - a +0 short sword
 b - a +0 hunting sling
 y - the +2 hand axe "Giant's Demise" (weapon) {freeze, Fragile rC+ Dex+6}
   (You took it off an orc on level 3 of the Dungeon)

   It has been specially enchanted to freeze those struck by it, causing extra
   injury to most foes and up to half again as much damage against particularly
   susceptible opponents.
   It can also slow down cold-blooded creatures.
   It affects your dexterity (+6).
   It protects you from cold.
   It will be destroyed if unequipped.
 z - a +2 falchion of holy wrath
 A - a +1 vampiric hand axe
Missiles
 m - 157 stones (quivered)
 x - 26 sling bullets
Armour
 g - a +0 robe (worn)
 k - +0 acid dragon scales
 u - a +0 buckler
 B - a +1 chain mail
 C - a +0 helmet (worn)
 D - a scarf of resistance (worn)
 F - a +0 pair of boots (worn)
Jewellery
 i - an uncursed ring of protection from fire
 v - a ring of magical power (left hand)
 E - a +6 ring of intelligence (right hand)
Wands
 w - a wand of polymorph (13)
Scrolls
 e - 2 scrolls of teleportation {unknown}
 f - 2 scrolls of fog {unknown}
 h - a scroll of blinking {unknown}
 j - a scroll of remove curse
 p - a scroll of fear {unknown}
 q - 2 scrolls of enchant weapon {unknown}
 t - a scroll of amnesia {unknown}
Potions
 d - a potion of curing
 l - a potion of haste {unknown}
 n - a potion of heal wounds {unknown}
 o - a potion of brilliance {unknown}
 r - a potion of might {unknown}
 s - a potion of resistance
Comestibles
 c - 7 rations


   Skills:
 + Level 2.4(1.5) Fighting
 + Level 1.6(0.6) Axes
 - Level 2.1(1.2) Dodging
 - Level 1.7(0.8) Stealth
 + Level 4.0(3.0) Spellcasting
 - Level 1.1(0.1) Conjurations
 * Level 6.9(5.8) Ice Magic


You had 3 spell levels left.
You knew the following spells:

 Your Spells              Type           Power        Failure   Level  Hunger
a - Freeze                Ice            ####         1%          1    None
b - Throw Frost           Conj/Ice       ###...       4%          2    ##.....
c - Ozocubu's Armour      Chrm/Ice       ###.....     11%         3    ###....
d - Summon Ice Beast      Ice/Summ       ###.....     34%         4    ####...

Your spell library contained the following spells:

 Spells                   Type           Power        Failure   Level  Hunger
 Throw Icicle             Conj/Ice       ###.....     32%         4    ####...


Dungeon Overview and Level Annotations

Branches:
Dungeon (4/15)
 Temple: D:4-7

Altars:
Hepliaklqana
Kikubaaqudgha
Vehumet
Xom
Beogh

Annotations:
D:4 exclusions: ogre and wight


Innate Abilities, Weirdness & Mutations

Shadows flee at your approach. (+LOS)
You can swim through water.
You cover ground slowly.
You can hop short distances.


Message History

The two-headed ogre is too close now for your liking.
The two-headed ogre shouts in stereo!
Casting: Ozocubu's Armour (safe; 11% risk of failure)
Confirm with . or Enter, or press ? or * to list all spells.
A chill wind blows around you.
The two-headed ogre hits you with a giant club!!
Ouch! That really hurt!
* * * LOW HITPOINT WARNING * * *
The two-headed ogre barely misses you.
Huge Dmg: -63%(-29hp) hp: 24%(11hp)
Your ice beast hits the two-headed ogre but does no damage.
Casting: Summon Ice Beast (quite dangerous; 34% risk of failure)
Confirm with . or Enter, or press ? or * to list all spells.
A chill wind blows around you.
You are starving!
Your ice beast hits the two-headed ogre.
Your ice beast freezes the two-headed ogre!
The two-headed ogre closely misses you.
The two-headed ogre hits you with a giant club!
You die...

## ....###
##.#######.#......
#.#.......Z..#.###
#.#######.#>..... #.# #..
....## ###########.## #.#
#.# #............#####.#
#.## #.#######YO#.......#
#... #.# ##@.Y#####.# #.##
#.# ####..........#####.#
#.####.##.#.######.......#
#.....#.#.........##..####
####.###....#####.....#
#.## ##...# #..#.##
#..###...## #..#.#
#.#.#.#..## #. #.#
#.##.##..... .. o..


You could see a two-headed ogre and 2 friendly ice beasts.

Vanquished Creatures
  A wight (D:4)
  An orc priest (D:2)
  An orc wizard (D:2)
  2 bullfrog skeletons (D:4)
  2 worker ants (D:4)
  The ghost of EnegeticOcto the Covered, a weakling MiFi (D:3)
  6 adders
  2 oozes (D:3)
  2 worms
  2 dart slugs (D:2)
  4 leopard geckos
  6 orcs
  A bat skeleton (D:2)
  7 giant cockroaches
  11 goblins
  7 hobgoblins
  4 quokkas
  A ball python (D:1)
  A ball python zombie (D:2)
  11 bats
  4 frilled lizards
  7 kobolds
  A leopard gecko zombie (D:2)
  A quokka skeleton (D:2)
  3 rats (D:1)
89 creatures vanquished.

Notes
Turn   | Place    | Note
-------+----------+-------------------------------------------
     0 | D:1      | Gobbopathe the Barachi Ice Elementalist began the quest for the Orb.
     0 | D:1      | Reached XP level 1. HP: 13/13 MP: 3/3
    65 | D:1      | Reached skill level 4 in Ice Magic
   122 | D:1      | Reached XP level 2. HP: 19/19 MP: 1/5
   297 | D:1      | Learned a level 2 spell: Throw Frost
  1008 | D:2      | Reached XP level 3. HP: 21/24 MP: 7/7
  1013 | D:2      | Learned a level 3 spell: Ozocubu's Armour
  1646 | D:2      | Reached skill level 5 in Ice Magic
  1646 | D:2      | Reached XP level 4. HP: 12/30 MP: 8/8
  2261 | D:2      | Found an ancient bone altar of Kikubaaqudgha.
  2371 | D:3      | Found a faded altar of an unknown god.
  2373 | D:3      | Reached XP level 5. HP: 35/35 MP: 10/10
  2627 | D:3      | Found a runed gate.
  2645 | D:3      | Reached skill level 6 in Ice Magic
  2702 | D:3      | Found a runed gate.
  2702 | D:3      | Found a runed gate.
  2704 | D:3      | Reached skill level 1 in Fighting
  2717 | D:3      | Found a roughly hewn altar of Beogh.
  2717 | D:3      | Noticed EnegeticOcto's ghost (weakling MiFi)
  2729 | D:3      | Killed EnegeticOcto's ghost
  2758 | D:3      | Got a blackened hand axe {freeze}
  2768 | D:3      | Identified the cursed +2 hand axe "Giant's Demise" {freeze, Fragile rC+ Dex+6} (You took it off an orc on level 3 of the Dungeon)
  3338 | D:3      | Learned a level 4 spell: Summon Ice Beast
  3373 | D:3      | Found a hazy altar of Hepliaklqana.
  3374 | D:3      | Found a shimmering altar of Xom.
  3376 | D:3      | Noticed a spectral ugly thing
  3648 | D:4      | Reached XP level 6. HP: 36/44 MP: 11/11
  3745 | D:4      | Reached skill level 1 in Axes
  4073 | D:4      | Found a radiant altar of Vehumet.
  4076 | D:4      | Became a worshipper of Vehumet
  4126 | D:4      | Noticed a two-headed ogre
  5015 | D:4      | Slain by a two-headed ogre

Skill      XL: |  1  2  3  4  5  6 |
---------------+-------------------+-----
Ice Magic      | 4 5 6 |  6.9
Spellcasting   | 3 4 |  4.0
Fighting       | 1 2 |  2.4
Axes           | 1 |  1.6
Dodging        | |  2.1
Stealth        | |  1.7
Conjurations   | |  1.1

Action                   |  1- 3 |  4- 6 || total
-------------------------+-------+-------++-------
Melee: Dagger            |     2 |       ||     2
       Short sword       |    20 |    40 ||    60
       Hand axe          |       |    56 ||    56
 Fire: Hunting sling     |       |     3 ||     3
Throw: Stone             |     6 |       ||     6
 Cast: Freeze            |    33 |    63 ||    96
       Throw Frost       |       |    13 ||    13
       Ozocubu's Armour  |       |     4 ||     4
       Summon Ice Beast  |       |     4 ||     4
  Use: Potion            |     1 |     1 ||     2
       Scroll            |       |     4 ||     4
 Stab: Sleeping          |     4 |     9 ||    13
       Distracted        |       |     1 ||     1
  Eat: Chunk             |     3 |     8 ||    11
       Ration            |       |     1 ||     1
Armor: Robe              |     6 |    28 ||    34
Dodge: Dodged            |    34 |    78 ||   112
